Euphox, chaotic male human Wizard -------------- --------- ------- ####..............###### |.......| #.>....| # |............| #........| #|.^...| -----------### ##.............| ###|.......-### #....[.| |......<..| # |............| # |%......| # ###|.....| |.........| ### --.--------.-- ### |../....| ### ------ # #-.----- |.........| # ########### # |.......| # |....-#### # |..........### # # ### --------- ###|....| # |.........| ### # #..{..| # ----------- # # ------ # ### # ### # # # # ---|-.-# #f |......# -@- |.....| ..@| |.....| |%[?| |.....| |//)| ------- ----- Euphox the Thaumaturge Experience level: 7 Strength: 11 Dexterity: 12 Constitution: 15 Intelligence: 18 Wisdom: 11 Charisma: 9 Health: 0(43) Energy: 24(81) AC: 8 Gold: 292 Moves: 4578 Your Inventory: Coins $ - 292 gold pieces Weapons a - a blessed +1 quarterstaff i - 8 [uncursed +0] crossbow bolts [of detonation] Armor b - an uncursed +0 cloak of magic resistance (being worn) J - an uncursed +0 pair of leather gloves (being worn) M - an [uncursed +0] mummy wrapping Comestibles s - 2 [uncursed] food rations u - an [uncursed] tripe ration V - 2 [uncursed] slime molds X - an [uncursed] pancake Y - an [uncursed stale] egg Scrolls L - an uncursed scroll of destroy armor Spellbooks l - a blessed spellbook of force bolt m - an uncursed spellbook of create monster v - a blessed spellbook of light C - a cursed spellbook of slow monster D - an uncursed spellbook of sleep T - an [uncursed] spellbook of detect food Potions g - a [blessed] potion of oil h - a potion of holy water Rings d - an uncursed ring of cold resistance (on right hand) e - an uncursed +1 ring of adornment (on left hand) G - an uncursed ring of warning Q - a [cursed] shiny ring [of polymorph control] Wands c - an uncursed wand of undead turning (0:7) f - an [uncursed] wand of secret door detection [0:11] R - an [uncursed] wand of striking [0:4] Tools n - an uncursed blindfold q - an uncursed sack t - an [uncursed tallow] candle A - an [uncursed] key [skeleton key] O - an [uncursed tin] whistle U - an [uncursed +0] pick-axe (weapon in hand) Gems N - an [uncursed] red gem [worthless glass] Spells known in the end: Name Level Category Fail Memory a - force bolt 1 attack 0% [|||||||.] b - create monster 2 clerical 43% [|||||||.] c - light 1 divination 0% [|||||||.] d - sleep 1 enchantment 0% [||||||||] e - detect food 2 divination 43% [||||||||] Your skills at the end: Fighting Skills Weapon Skills quarterstaff [Basic / Expert] Spellcasting Skills attack spells [Skilled / Expert] enchantment spells [Basic / Skilled] Final Attributes: You were piously aligned. Hunger level was 930. Your alignment was 32 / 32. Monster difficulty range was 1 - 7. Level difficulty was 8. You were immune to cold. You were magic-protected. You had wounded legs. You were telepathic. You were adorned. Your luck was zero. You are dead. Vanquished creatures: a black light a rust monster 2 yetis a lizard a gnome mummy a human zombie 2 yellow lights a shrieker 3 floating eyes a kitten 3 dwarves a homunculus a kobold lord 2 hill orcs a rothe a centipede 2 giant bats a monkey a wererat 3 iguanas a killer bee 2 acid blobs a hobgoblin a giant rat a yellow mold 6 geckos 7 jackals a fox a kobold 3 goblins 2 sewer rats 6 grid bugs 4 lichens 2 kobold zombies 10 newts 78 creatures vanquished. Voluntary challenges: You were an atheist. You used a wielded weapon 62 times. You read items or engraved 9 times. You put on armor 3 times. You never genocided any monsters. You never polymorphed an object. You never changed form. You used no wishes. You never wrote Elbereth's name. You never encountered a bones level. You never used any Sokoban shortcuts. Dungeon overview: The Dungeons of Doom: levels 1 to 8 Level 1 a long staircase Level 2 a fountain a long staircase Level 3 a general store, a fountain Level 7 a fountain Level 8 <- You were here a general store, a fountain History has recorded: On T:1 you entered the Dungeons of Doom to retrieve the Amulet of Yendor! On T:330 you reached level 2 of The Dungeons of Doom. On T:647 you advanced to experience level 2. On T:908 you advanced to experience level 3. On T:1463 you reached level 3 of The Dungeons of Doom. On T:1465 you advanced to experience level 4. On T:1864 you advanced to experience level 5. On T:2372 you reached level 4 of The Dungeons of Doom. On T:2682 you reached level 5 of The Dungeons of Doom. On T:3091 you advanced to experience level 6. On T:3787 you reached level 6 of The Dungeons of Doom. On T:3865 you reached level 7 of The Dungeons of Doom. On T:3877 you advanced to experience level 7. On T:4244 you reached level 8 of The Dungeons of Doom. Latest messages: [2 turns] [HP+1=41] [2 turns] Something is written here in the dust. You read: "Closed for inventory". This door is locked. You succeed in unlocking the door. [HP+1=42] [2 turns] The door opens. The tiger hits! (2x) The tiger bites! [HP-13=29] "Hello, Euphox! Welcome to Ouiatchouane's general store!" "Will you please leave your pick-axe outside?" You hit the tiger. The tiger hits! (2x) The tiger bites! The tiger hits! (2x) You die... Ouiatchouane gratefully inherits all your possessions. The sack is empty. Final status: Goodbye Euphox the Wizard... You died in The Dungeons of Doom on dungeon level 8 with 3719 points, and 292 pieces of gold, after 4578 moves. You were level 7 with a maximum of 43 hit points when you died.